Map: Ascension to Aiur LE

Players

Pain - Winner!

  • Race: Terran Terran
  • Spawn Location: 5:00

A.I. 1 (Easy)

  • Race: Protoss Protoss
  • Spawn Location: 11:00

VOD

Have the link to the VOD?

Description

Time

  • Played on: Sept. 3, 2017, 11:14 p.m.
  • Length: 12:07
Show
View Real Time Build Order
Export as new Build Order

Pain Terran - Winner!

Build Orders:  

Get SALT Encoding   

  12  0:14  Supply Depot  
  12  0:35  SCV  
  13  0:42  Supply Depot  
  13  0:47  SCV  
  14  0:59  Barracks, SCV  
  15  1:11  SCV  
  16  1:24  Supply Depot  
  16  1:40  SCV  
  16  1:46  Refinery  
  17  2:06  Bunker  
  16  2:16  Bunker  
  16  2:41  Barracks Reactor  
  17  2:44  SCV  
  17  2:55  Supply Depot  
  17  2:56  SCV  
  18  3:03  Engineering Bay  
  18  3:08  SCV  
  19  3:14  Refinery  
  19  3:20  SCV  
  19  3:24  Marine x2  
  22  3:32  SCV  
  23  3:34  Missile Turret  
  23  3:42  Missile Turret, Marine x2  
  23  3:46  Missile Turret  
  25  3:51  Terran Infantry Weapons Level 1  
  25  4:00  Marine x2  
  27  4:07  Barracks  
  27  4:14  SCV  
  28  4:17  Marine  
  28  4:18  Marine  
  30  4:35  Missile Turret, Marine x2  
  32  4:53  Marine x2  
  32  4:58  Factory  
  34  5:11  Marine x2  
  34  5:13  Barracks Tech Lab  
  36  5:22  Supply Depot  
  36  5:29  Marine x2  
  38  5:46  Terran Infantry Armor Level 1, Marine  
  38  5:47  Marine  
  40  6:04  Marine x2  
  42  6:15  Marauder  
  44  6:22  Marine x2  
  46  6:35  Armory  
  46  6:37  Marauder  
  48  6:40  Marine  
  49  6:48  Marine  
  50  6:58  Marauder, Marine  
  53  7:06  Marine  
  54  7:16  Marine  
  55  7:24  Marine  
  55  7:27  Supply Depot  
  55  7:28  SCV  
  54  7:30  Marauder  
  54  7:35  Supply Depot  
  55  7:40  Building Armor  
  55  7:48  Marine x2  
  57  7:52  Marauder  
  59  8:07  Supply Depot  
  59  8:13  Marauder  
  59  8:14  Supply Depot  
  61  8:31  Marine x2  
  63  8:39  Marauder  
  65  8:49  Marine x2  
  67  9:00  Marauder  
  69  9:07  Marine x2  
  71  9:19  Terran Infantry Weapons Level 2  
  71  9:21  Marauder  
  73  9:25  Marine x2  
  75  9:42  Marine x2  
  75  9:43  Marauder  
  73  10:00  Marine x2  
  73  10:04  Marauder  
  75  10:26  Marauder  
  77  10:47  Marine x2  
  79  10:50  Marauder  
  79  11:05  Marine x2  
  81  11:12  Marauder  
  80  11:23  Marine x2  
  81  11:33  Marauder  
  83  11:41  Marine x2  
Show
View Real Time Build Order
Export as new Build Order

A.I. 1 (Easy) Protoss 

Build Orders:  

Get SALT Encoding   

  12  0:01  Probe (Chrono Boost)  
  13  0:11  Probe (Chrono Boost)  
  14  0:19  Pylon  
  14  0:22  Probe (Chrono Boost)  
  15  0:38  Probe (Chrono Boost)  
  16  0:43  Assimilator  
  16  0:49  Gateway  
  16  0:53  Pylon  
  16  1:17  Assimilator  
  16  1:35  Zealot  
  16  1:38  Cybernetics Core  
  18  2:05  Pylon  
  19  2:08  Probe (Chrono Boost)  
  19  2:10  Warp Gate  
  19  2:16  Stalker  
  19  2:20  Probe (Chrono Boost)  
  22  2:32  Probe (Chrono Boost)  
  23  2:43  Probe (Chrono Boost)  
  24  2:46  Adept  
  26  2:55  Probe (Chrono Boost)  
  27  3:07  Probe (Chrono Boost)  
  28  3:16  Stalker  
  30  3:46  Adept  
  32  6:41  Stalker  
  32  6:42  Probe (Chrono Boost)  
  32  6:43  Pylon  
  35  6:47  Nexus  
  35  7:01  Probe (Chrono Boost)  
  36  7:03  Robotics Facility  
  36  7:05  Stalker  
  36  7:06  Pylon  
  38  7:12  Probe (Chrono Boost)  
  39  7:28  Sentry  
  31  7:50  Observer  
  32  7:52  Zealot  
  34  8:01  Probe (Chrono Boost)  
  34  8:04  Probe (Chrono Boost)  
  36  8:09  Assimilator  
  36  8:10  Observer  
  36  8:11  Assimilator, Probe (Chrono Boost)  
  38  8:15  Stalker, Probe (Chrono Boost)  
  41  8:23  Probe (Chrono Boost)  
  41  8:25  Probe (Chrono Boost)  
  44  8:34  Probe (Chrono Boost)  
  44  8:36  Probe (Chrono Boost)  
  44  8:39  Adept  
  47  8:46  Probe x2 (Chrono Boost)  
  49  8:57  Probe x2 (Chrono Boost)  
  51  9:02  Stalker  
  51  9:08  Probe (Chrono Boost)  
  51  9:09  Probe (Chrono Boost)  
  55  9:19  Probe (Chrono Boost)  
  55  9:20  Probe (Chrono Boost)  
  57  9:30  Probe (Chrono Boost)  
  57  9:31  Probe (Chrono Boost)  
  59  9:41  Probe (Chrono Boost)  
  59  9:42  Probe (Chrono Boost)  
  59  9:45  Observer  
  61  9:51  Stalker  
  53  10:06  Immortal  
  47  10:10  Pylon  
  47  10:13  Probe (Chrono Boost)  
  48  10:18  Probe (Chrono Boost)  
  35  10:24  Probe (Chrono Boost)  
  32  10:32  Zealot  
  32  10:34  Probe (Chrono Boost)  
  28  10:44  Immortal  
  28  10:46  Probe (Chrono Boost)  
  32  10:58  Probe (Chrono Boost)  
  32  11:01  Zealot  
  33  11:08  Assimilator  
  33  11:10  Probe (Chrono Boost)  
  27  11:21  Probe (Chrono Boost)  
  30  11:32  Probe (Chrono Boost)  
  27  11:37  Gateway  
  22  11:40  Robotics Facility  
  22  11:43  Probe (Chrono Boost)  
  22  11:45  Forge  
  22  11:53  Probe (Chrono Boost)  
  22  11:54  Nexus  
  14  11:58  Stargate  
Tags
 
Matchup
PvT
Replay Pack
RP
Spawn Locations
Cross Positions
Add a new tag
Caveats
  • Supply blocks, unpowered buildings, or Contaminate may cause inaccurate times.
  • Supply counts are checked every 10 seconds.